 Seeded DCSS version 0.31-a0-626-g8143ab4f1d (webtiles) character file.

Game seed: 12485923201681380469 (custom seed)

1078 innerfire43 the Ruffian (level 8, -1/60 HPs)
             Began as a Gnoll Shapeshifter on Aug 24, 2023.
             Was a Believer of Cheibriados.
             Slain by an ice beast (9 damage)
             ... on level 6 of the Dungeon.
             The game lasted 00:06:22 (4799 turns).

innerfire43 the Ruffian (Gnoll Shapeshifter)        Turns: 4799, Time: 00:06:22

Health: -1/60      AC: 10    Str: 30    XL:     8   Next: 29%
Magic:  21/21      EV: 14    Int: 13    God:    Cheibriados [**....]
Gold:   372        SH:  0    Dex: 18    Spells: 13/13 levels left

rFire   . . .        u - +3 double sword of Beogh's Reproof {heavy, Drain MP+9 Str+3}
rCold   . . .        (no shield)
rNeg    . . .        m - +5 ring mail
rPois   .            t - melded +0 helmet
rElec   .            (cloak currently unavailable)
rCorr   .            (gloves currently unavailable)
SInv    .            (boots currently unavailable)
Will    .....        (no amulet)
Stlth   ++           h - +6 ring of strength
HPRegen 0.30/turn    (no ring)
MPRegen 0.17/turn

%: no passive effects
@: beast-form, very slow
A: beast (slay +4), fangs 1, strong nose, distributed training
a: Begin Untransformation, Renounce Religion, Bend Time


You were on level 6 of the Dungeon.
You worshipped Cheibriados.
Cheibriados was pleased with you.
You were a hulking beast.
You visited 1 branch of the dungeon, and saw 6 of its levels.
You also visited: Sewer.

You collected 372 gold pieces.

Inventory:

Hand Weapons
 u - the +3 double sword of Beogh's Reproof (weapon) {heavy, Drain MP+9 Str+3}
   (You acquired it on level 4 of the Dungeon)

   Str+3:     It affects your strength (+3).
   MP+9:      It affects your magic capacity (+9).
   Drain:     It drains your maximum health when unequipped.
Missiles
 p - a throwing net
Armour
 a - a +0 animal skin
 m - a +5 ring mail (worn)
 t - a +0 helmet (melded)
Jewellery
 h - a +6 ring of strength (left hand)
 y - a +6 ring of intelligence
Talismans
 c - a beast talisman (active)
 d - a flux talisman
Wands
 w - a wand of iceblast (8)
 x - a wand of light (12)
 D - a wand of digging (8)
Scrolls
 i - 2 scrolls of immolation {unknown}
 j - 4 scrolls of amnesia {unknown}
 k - 4 scrolls of teleportation {unknown}
 o - 2 scrolls of enchant weapon
 q - a scroll of vulnerability
 r - 2 scrolls of fog {unknown}
 A - a scroll of identify {unknown}
Potions
 b - a potion of lignification
 e - 3 potions of enlightenment {unknown}
 f - 4 potions of haste {unknown}
 g - a potion of experience {unknown}
 l - 2 potions of brilliance {unknown}
 n - 2 potions of might {unknown}
 s - 2 potions of degeneration {unknown}
 v - a potion of heal wounds {unknown}
 z - a potion of magic {unknown}
 B - a potion of curing {unknown}
 C - a potion of mutation {unknown}


   Skills:
 + Level 4.1 Fighting
 + Level 3.2 Short Blades
 + Level 3.2 Long Blades
 + Level 3.2 Axes
 + Level 3.2 Maces & Flails
 + Level 3.2 Polearms
 + Level 3.2 Staves
 + Level 3.2 Ranged Weapons
 + Level 3.2 Throwing
 + Level 3.2 Armour
 + Level 5.6 Dodging
 + Level 3.2 Stealth
 + Level 3.2 Shields
 + Level 7.3 Unarmed Combat
 + Level 3.2 Spellcasting
 + Level 2.6 Conjurations
 + Level 2.6 Hexes
 + Level 2.6 Summonings
 + Level 2.6 Necromancy
 + Level 2.6 Translocations
 + Level 2.6 Transmutations
 + Level 2.6 Fire Magic
 + Level 2.6 Ice Magic
 + Level 2.6 Air Magic
 + Level 2.6 Earth Magic
 + Level 2.6 Poison Magic
 + Level 3.5 Invocations
 + Level 3.2 Evocations
 + Level 7.2 Shapeshifting


You had 13 spell levels left.
You didn't know any spells.
Your spell library contained the following spells:

 Spells                   Type           Power      Damage    Failure   Level
 Slow                     Hex            32%        N/A       11%         1
 Blink                    Tloc           16%        N/A       16%         2
 Lesser Beckoning         Tloc           16%        N/A       16%         2
 Momentum Strike          Conj/Tloc      16%        3d8       16%         2
 Confusing Touch          Hex            8%         N/A       32%         3
 Vampiric Draining        Necr           8%         2d6       32%         3


Dungeon Overview and Level Annotations

Branches:
Dungeon (6/15)             Temple (0/1) D:6           Sewer (visited)

Altars:
Cheibriados
Elyvilon
Hepliaklqana
Kikubaaqudgha
Ru
Wu Jian
Xom
Zin


Innate Abilities, Weirdness & Mutations

You are a hulking beast.
Your limbs bulge with bestial killing power. (Slay +4)
You have very sharp teeth.
Your uncanny sense of smell can sniff out nearby items.
Your experience applies equally to all skills.


Message History

The gnoll bouda hits you but does no damage.
The gnoll closely misses you.
An ice beast comes into view.
The gnoll bouda barks out a call to the hunt!
The gnoll picks up the pace!
The orc misses you. The gnoll hits you with a +0 whip!
Unknown command.
You barely miss the gnoll bouda. Your bite misses the gnoll bouda.
The gnoll is no longer moving quickly.
The orc hits you but does no damage.
The gnoll bouda hits you with a +0 whip. x2
The orc closely misses you. The gnoll hits you but does no damage.
You slice the gnoll bouda!!
You kill the gnoll bouda!
Cheibriados appreciates the change of pace.
The orc hits you with a +0 club.
The gnoll hits you but does no damage. x2
The orc misses you. The gnoll closely misses you.
The gnoll hits you with a +0 whip.
* * * LOW HITPOINT WARNING * * *
You closely miss the orc. You bite the orc.
The orc is heavily wounded.
The orc closely misses you. The gnoll hits you with a +0 whip.
* * * LOW HITPOINT WARNING * * *
The gnoll hits you with a +0 whip.
* * * LOW HITPOINT WARNING * * *
The orc closely misses you. The gnoll barely misses you. x2
The orc closely misses you. The gnoll closely misses you. The gnoll misses you.
The orc attacks as it pursues you! The orc hits you but does no damage.
The gnoll attacks as it pursues you! The gnoll barely misses you.
The gnoll misses you. The orc closely misses you.
The gnoll attacks as it pursues you! The gnoll hits you but does no damage.
The gnoll misses you. The gnoll hits you but does no damage.
The orc attacks as it pursues you! The orc closely misses you.
The gnoll barely misses you. The orc closely misses you.
There is an open door here.
The ice beast attacks as it pursues you!
The ice beast misses you. The ice beast hits you.
* * * LOW HITPOINT WARNING * * *
The ice beast freezes you!
You die...

##...## #.##.#####.#
##..).)####.##.#
#>..)).........#
##.....####.##.# ##...##
#.#..## ##..#####.##...
#........###.# ∆ #.########
#.# #.## #h# #..## ##Y##
##...## ##gog## ##.....##
##.....##
#.......###.......##
##.....###........)#
...........'.......).'.....
#####...####.........####..
##.## ##.......##


You could see an ice beast, 2 gnolls and an orc.

Vanquished Creatures
  An ice beast (D:5)
  An ogre (D:5)
  5 scorpions
  A jelly (D:6)
  2 hounds
  An iron imp (D:3)
  An orc priest (D:6)
  A gnoll bouda (D:6)
  2 sleepcaps
  Terence (D:2)
  2 orc wizards (D:6)
  An iguana (D:6)
  A hell rat (Sewer)
  Robin (D:3)
  5 gnolls (D:6)
  2 river rats (Sewer)
  3 adders
  A shadow imp (D:5)
  A white imp (D:5)
  An ufetubus (D:5)
  A worm (D:2)
  A dart slug (D:3)
  17 orcs
  5 endoplasms
  6 giant cockroaches
  19 hobgoblins
  6 kobolds
  5 quokkas
  5 ball pythons
  5 bats
  A frilled lizard (D:2)
  14 goblins
  11 rats
130 creatures vanquished.

Notes
Turn   | Place    | Note
-------+----------+-------------------------------------------
     0 | D:1      | innerfire43 the Gnoll Shapeshifter began the quest for the
                  | Orb.
     0 | D:1      | Reached XP level 1. HP: 17/17 MP: 1/1
   168 | D:1      | Reached XP level 2. HP: 21/23 MP: 2/2
   642 | D:1      | Reached XP level 3. HP: 26/28 MP: 3/3
   806 | D:2      | Reached skill level 1 in Invocations
  1040 | D:2      | Noticed Terence
  1049 | D:2      | Killed Terence
  1050 | D:2      | Reached skill level 1 in Short Blades
  1050 | D:2      | Reached skill level 1 in Long Blades
  1050 | D:2      | Reached skill level 1 in Axes
  1050 | D:2      | Reached skill level 1 in Maces & Flails
  1050 | D:2      | Reached skill level 1 in Polearms
  1050 | D:2      | Reached skill level 1 in Staves
  1050 | D:2      | Reached skill level 1 in Ranged Weapons
  1050 | D:2      | Reached skill level 1 in Throwing
  1050 | D:2      | Reached skill level 1 in Armour
  1050 | D:2      | Reached skill level 1 in Stealth
  1050 | D:2      | Reached skill level 1 in Shields
  1050 | D:2      | Reached skill level 1 in Spellcasting
  1050 | D:2      | Reached skill level 1 in Evocations
  1050 | D:2      | Reached XP level 4. HP: 31/34 MP: 5/5
  1670 | D:3      | Reached skill level 1 in Conjurations
  1670 | D:3      | Reached skill level 1 in Hexes
  1670 | D:3      | Reached skill level 1 in Summonings
  1670 | D:3      | Reached skill level 1 in Necromancy
  1670 | D:3      | Reached skill level 1 in Translocations
  1670 | D:3      | Reached skill level 1 in Transmutations
  1670 | D:3      | Reached skill level 1 in Fire Magic
  1670 | D:3      | Reached skill level 1 in Ice Magic
  1670 | D:3      | Reached skill level 1 in Air Magic
  1670 | D:3      | Reached skill level 1 in Earth Magic
  1670 | D:3      | Reached skill level 1 in Poison Magic
  1798 | D:3      | Noticed Robin
  1828 | D:3      | Reached XP level 5. HP: 30/40 MP: 5/7
  1837 | D:3      | Killed Robin
  2050 | D:3      | Found an ornate altar of the Wu Jian Council.
  2050 | D:3      | Found a glowing silver altar of Zin.
  2239 | D:3      | Found a snail-covered altar of Cheibriados.
  2250 | D:3      | Became a worshipper of Cheibriados the Contemplative
  2273 | D:3      | Found a faded altar of an unknown god.
  2345 | D:4      | Reached XP level 6. HP: 43/47 MP: 8/8
  2472 | D:4      | Reached skill level 5 in Dodging
  2590 | D:4      | Found a white marble altar of Elyvilon.
  2667 | D:4      | Reached * piety under Cheibriados
  2685 | D:4      | Found an ancient bone altar of Kikubaaqudgha.
  2899 | D:4      | Identified a scroll of acquirement
  2899 | D:4      | Acquired the +3 double sword of Beogh's Reproof {heavy,
                  | Drain MP+9 Str+3}
  3011 | D:5      | Entered Level 5 of the Dungeon
  3015 | D:5      | Reached XP level 7. HP: 45/52 MP: 10/10
  3329 | D:5      | Found a glowing drain.
  3344 | Sewer    | Entered a sewer
  3529 | D:5      | Found a sacrificial altar of Ru.
  3652 | D:5      | Found a shimmering altar of Xom.
  3749 | D:5      | Reached XP level 8. HP: 55/60 MP: 12/12
  3918 | D:5      | Found a hazy altar of Hepliaklqana.
  4343 | D:6      | Reached ** piety under Cheibriados
  4547 | D:6      | Found a staircase to the Ecumenical Temple.
  4799 | D:6      | Slain by an ice beast

Illustrated notes

Levels and vault maps discovered:
D:1:      lightli_arrival_maybe_door_vault, layout_rooms, kennysheep_nondescript
D:2:      layout_basic, uniq_terence
D:3:      layout_rooms, slow_altar_2, nicolae_overflow_two_pavilions,
          shapermc_ecumenical_altar_hornbeckon, guppyfry_early_lair_pool,
          uniq_robin
D:4:      layout_rooms, mainiacjoe_overflow_six_doors_small,
          mainiacjoe_overflow_alcove_4
D:5:      layout_basic, nicolae_overflow_hidden_temple,
          worldfamousw_hep_ancestral_shrine, nicolae_ru_awakened_eye,
          cheibrodos_sewer_entry_drain, nrook_mini_backslash
D:6:      layout_loops_corners, minmay_temple_entry_statues_fountains

Skill      XL: |  1  2  3  4  5  6  7  8 |
---------------+-------------------------+-----
Invocations    | 1 2 3 |  3.5
Short Blades   | 1 2 3 |  3.2
Long Blades    | 1 2 3 |  3.2
Axes           | 1 2 3 |  3.2
Maces & Flails | 1 2 3 |  3.2
Polearms       | 1 2 3 |  3.2
Staves         | 1 2 3 |  3.2
Ranged Weapons | 1 2 3 |  3.2
Throwing       | 1 2 3 |  3.2
Armour         | 1 2 3 |  3.2
Stealth        | 1 2 3 |  3.2
Shields        | 1 2 3 |  3.2
Spellcasting   | 1 2 3 |  3.2
Evocations     | 1 2 3 |  3.2
Conjurations   | 1 2 |  2.6
Hexes          | 1 2 |  2.6
Summonings     | 1 2 |  2.6
Necromancy     | 1 2 |  2.6
Translocations | 1 2 |  2.6
Transmutations | 1 2 |  2.6
Fire Magic     | 1 2 |  2.6
Ice Magic      | 1 2 |  2.6
Air Magic      | 1 2 |  2.6
Earth Magic    | 1 2 |  2.6
Poison Magic   | 1 2 |  2.6
Fighting       | 3 4 |  4.1
Dodging        | 5 |  5.6
Unarmed Combat | 7 |  7.3
Shapeshifting  | 7 |  7.2

Action                     |  1- 3 |  4- 6 |  7- 9 || total
---------------------------+-------+-------+-------++-------
  Melee: Unarmed           |   108 |   180 |       ||   288
         Bite              |    13 |    15 |     6 ||    34
         Double sword      |       |     3 |    80 ||    83
         Punch             |       |       |     3 ||     3
    Use: Scroll            |       |     7 |       ||     7
 Armour: Animal skin       |    16 |       |       ||    16
         Ring mail         |       |   114 |    72 ||   186
  Dodge: Dodged            |    78 |   148 |   124 ||   350
   Form: Flux              |     1 |       |       ||     1
         Beast             |       |     1 |       ||     1

Table legend: (Time is in decaauts)
 A = Elapsed time spent in this place.
 B = Non-inter-level travel time spent in this place.
 C = Inter-level travel time spent in this place.
 D = Time resting spent in this place.
 E = Time spent auto-exploring this place.
 F = Levels seen in this place.
 G = Mean time per level.
                   A        B        C        D        E       F      G
               +--------+--------+--------+--------+--------+-----+--------+
         Total |   5551 |   5402 |    149 |      0 |   4354 |   7 |  793.0 |
       Dungeon |   5338 |   5189 |    149 |      0 |   4209 |   6 |  889.7 |
         Sewer |    213 |    213 |      0 |      0 |    145 |   1 |  213.0 |
               +--------+--------+--------+--------+--------+-----+--------+

Top non-repeatable levels by time:
     D:5: 1183 daAuts
     D:6: 1009 daAuts
     D:2: 983 daAuts
     D:4: 812 daAuts
     D:3: 688 daAuts
     D:1: 660 daAuts
   Sewer: 213 daAuts
